 Dungeon Crawl Stone Soup version 0.23.2-1-ga50397a6bc (webtiles) character file.

Game seed: 3820051224889042144

147 Moonwind the Charmwright (level 5, -2/41 HPs)
             Began as a Merfolk Skald on Apr 22, 2019.
             Killed by nerve-wracking pain
             ... invoked by Menkaure
              (6 damage)
             ... on level 4 of the Dungeon.
             The game lasted 00:18:12 (3600 turns).

Moonwind the Charmwright (Merfolk Skald)            Turns: 3600, Time: 00:18:13

Health: -2/41      AC:  5    Str: 12    XL:     5   Next: 29%
Magic:  8/8        EV: 13    Int: 17    God:
Gold:   195        SH:  4    Dex: 14    Spells: 5/8 levels left

rFire    . . .     SeeInvis .   a - +0 falchion
rCold    . . .     Gourm    .   (no shield)
rNeg     . . .     Faith    .   b - +0 leather armour
rPois    .         Spirit   .   (helmet restricted)
rElec    .         Reflect  .   (no cloak)
rCorr    .         Harm     .   i - +0 pair of gloves
MR       .....                  g - +0 pair of boots
Stlth    +.........             (no amulet)
HPRegen  0.13/turn              (no ring)
MPRegen  0.11/turn              (no ring)

@: brilliant
A: change form in water, swift swim, stealthy swim, antennae 1, large bone
plates 1
a: no special abilities


You were on level 4 of the Dungeon.
You were very hungry.

You visited 1 branch of the dungeon, and saw 4 of its levels.

You collected 195 gold pieces.

Inventory:

Hand Weapons
 a - a +0 falchion (weapon)
 c - a +1 dagger of flaming
Armour
 b - a +0 leather armour (worn)
 g - a +0 pair of boots (worn)
 i - a +0 pair of gloves (worn)
 o - a +0 cloak
Jewellery
 e - a +4 amulet of reflection {unknown}
 h - a +3 ring of dexterity {unknown}
Scrolls
 f - 3 scrolls of remove curse {unknown}
 j - 2 scrolls of identify {unknown}
Comestibles
 d - 7 rations


   Skills:
 + Level 3.1 Fighting
 + Level 4.0 Long Blades
 + Level 1.2 Armour
 * Level 3.4 Dodging
 + Level 2.1 Spellcasting
 * Level 4.0 Charms


You had 5 spell levels left.
You knew the following spells:

 Your Spells              Type           Power        Failure   Level  Hunger
a - Infusion              Chrm           ####         1%          1    #......
b - Song of Slaying       Chrm           ####....     1%          2    ###....

Your spell library contained the following spells:

 Spells                   Type           Power        Failure   Level  Hunger
 Shroud of Golubria       Chrm/Tloc      ###.......   1%          2    ###....
 Regeneration             Chrm/Necr      ###.......   4%          3    ###....
 Spectral Weapon          Hex/Chrm       ###.....     4%          3    ###....


Dungeon Overview and Level Annotations

Branches:
Dungeon (4/15)
 Temple: D:4-7

Altars:
Cheibriados
Dithmenos
Okawaru
Vehumet

Annotations:
D:4 Menkaure


Innate Abilities, Weirdness & Mutations

You revert to your normal form in water You are very nimble and swift while swimming.
You are very stealthy in the water. (Stealth+)
You have a pair of small antennae on your head.
You are partially covered in large bone plates. (SH +4)


Message History

The scorpion stings you.
* * * LOW HITPOINT WARNING * * *
Your surroundings suddenly seem different.
Your song is almost over.
Menkaure, Prince of Dust comes into view.
Menkaure shouts!
A ball python skeleton comes into view.
Found a notched steel ring.
As you read the scroll of teleportation, it crumbles to dust.
You feel strangely unstable.
Your surroundings seem slightly different.
Menkaure casts a spell.
Menkaure seems to speed up.
Your song has ended.
You block Menkaure's attack. Menkaure closely misses you.
You riposte.
You hit Menkaure but do no damage.
Found a robe.
Menkaure gestures at you while chanting.
Pain shoots through your body!
You die...

....# .[...##
.......###
#..........#####
##..............
#.............
#...........#
..........@#
.........ZM#
...........#
....=.....##
..........#
.........##
.#......##
##.....# #######


You could see Menkaure and a ball python skeleton.

Vanquished Creatures
  6 adders
  2 oozes
  2 worms
  3 dart slugs
  5 leopard geckos
  10 bats
  7 giant cockroaches
  5 goblins
  12 hobgoblins
  2 jackals (D:3)
  6 frilled lizards
  4 kobolds
  4 rats
68 creatures vanquished.

Notes
Turn   | Place    | Note
-------+----------+-------------------------------------------
     0 | D:1      | Moonwind the Merfolk Skald began the quest for the Orb.
     0 | D:1      | Reached XP level 1. HP: 16/16 MP: 3/3
   101 | D:1      | Reached XP level 2. HP: 13/23 MP: 5/5
   108 | D:1      | Learned a level 2 spell: Song of Slaying
   387 | D:1      | Reached XP level 3. HP: 23/28 MP: 6/6
  1159 | D:2      | Reached skill level 1 in Armour
  1347 | D:2      | Reached XP level 4. HP: 22/35 MP: 7/7
  2171 | D:3      | Found an iron altar of Okawaru.
  2172 | D:3      | Found a radiant altar of Vehumet.
  2172 | D:3      | Found a snail-covered altar of Cheibriados.
  2490 | D:3      | Found a shadowy altar of Dithmenos.
  2550 | D:3      | Reached XP level 5. HP: 20/41 MP: 8/8
  3583 | D:4      | Gained mutation: You have a pair of small antennae on your
                  | head. [potion of mutation]
  3583 | D:4      | Gained mutation: You are partially covered in large bone
                  | plates. (SH +4) [potion of mutation]
  3583 | D:4      | HP: 2/41 [poisoned by a scorpion]
  3590 | D:4      | Noticed Menkaure
  3600 | D:4      | Killed from afar by Menkaure

Skill      XL: |  1  2  3  4  5 |
---------------+----------------+-----
Long Blades    | 3 4 |  4.0
Armour         | 1 |  1.2
Fighting       | 3 |  3.1
Dodging        | 3 |  3.4
Charms         | 4 |  4.0
Spellcasting   | |  2.1

Action                   |  1- 3 |  4- 6 || total
-------------------------+-------+-------++-------
Melee: Falchion          |    93 |   148 ||   241
 Cast: Song of Slaying   |     1 |     2 ||     3
  Use: Potion            |       |     3 ||     3
       Scroll            |       |     2 ||     2
 Stab: Sleeping          |       |     1 ||     1
  Eat: Chunk             |     1 |     7 ||     8
Armor: Leather armour    |    35 |    53 ||    88
Dodge: Dodged            |    77 |   124 ||   201
Block: Other             |       |     2 ||     2
       Rpst.: Falchion   |    27 |    42 ||    69
